 Dungeon Crawl Stone Soup version 0.28-a0-406-g4bac719ec2 (webtiles) character file.

Game seed: 2782412064933036549

101 Astera the Skirmisher (level 4, -1/38 HPs)
             Began as a Barachi Fighter on Sept 5, 2021.
             Killed by nerve-wracking pain
             ... invoked by an orc priest
              (3 damage)
             ... on level 3 of the Dungeon.
             The game lasted 00:03:42 (2105 turns).

Astera the Skirmisher (Barachi Fighter)             Turns: 2105, Time: 00:03:43

Health: -1/38      AC:  8    Str: 19    XL:     4   Next: 75%
Magic:  4/4        EV:  9    Int:  8    God:
Gold:   98         SH:  4    Dex: 11    Spells: 3/3 levels left

rFire   . . .      SeeInvis .   a - +0 long sword
rCold   . . .      Faith    .   c - +0 buckler
rNeg    . . .      Spirit   .   b - +0 scale mail
rPois   .          Reflect  .   e - +1 hat
rElec   .          Harm     .   (no cloak)
rCorr   .          Rampage  .   (no gloves)
Will    .....                   (no boots)
Stlth   ..........              (no amulet)
HPRegen 0.12/turn               (no ring)
MPRegen 0.09/turn               (no ring)

@: slow
A: amphibious, slowness 1, strong legs 1, +LOS
a: Hop


You were on level 3 of the Dungeon.
You visited 1 branch of the dungeon, and saw 3 of its levels.

You collected 98 gold pieces.

Inventory:

Hand Weapons
 a - a +0 long sword (weapon)
Armour
 b - a +0 scale mail (worn)
 c - a +0 buckler (worn)
 e - a +1 hat (worn)
Jewellery
 m - a ring of wizardry
Scrolls
 f - a scroll of enchant weapon {unknown}
 h - a scroll of brand weapon {unknown}
 j - 2 scrolls of teleportation {unknown}
Potions
 d - a potion of might
 g - 2 potions of curing
 i - a potion of flight {unknown}
 k - a potion of heal wounds {unknown}
 l - a potion of lignification {unknown}


   Skills:
 + Level 4.6 Fighting
 + Level 3.9 Long Blades
 + Level 4.3 Armour
 + Level 0.3 Dodging
 + Level 0.2 Stealth
 + Level 3.6 Shields


You had 3 spell levels left.
You didn't know any spells.
Your spell library contained the following spells:

 Spells                   Type           Power      Damage    Failure   Level
 Ensorcelled Hibernation  Hex/Ice        0%         N/A       89%         2
 Dazzling Flash           Conj/Hex       0%         N/A       98%         3
 Agony                    Necr           0%         N/A       100%        5
 Blade Hands              Tmut           0%         N/A       100%        5
 Irradiate                Conj/Tmut      0%         3d13      100%        5
 Silence                  Hex/Air        0%         N/A       100%        5
 Dragon Form              Tmut           0%         N/A       100%        7


Dungeon Overview and Level Annotations

Branches:
Dungeon (3/15)

Altars:

Shops:
D:2 (


Innate Abilities, Weirdness & Mutations

You are amphibious.
You cover ground slowly.
You can hop short distances.
You have an extended range of vision and can be seen from far away.


Message History

HP restored.
Things that are here:
a +0 hand axe; an orc skeleton
m - a ring of wizardry
Things that are here:
a +0 short sword; a +0 leather armour; a hobgoblin corpse
Things that are here:
a +0 club; 20 stones
Found a stone staircase leading down. 3 orcs and an orc priest come into view.
The orc shouts! x3; The orc priest shouts!
You closely miss the orc priest.
The orc priest calls down the wrath of Beogh upon you.
Beogh smites you! The orc hits you but does no damage.
You barely miss the orc priest. The orc priest hits you with a +0 whip.
You block the orc's attack.
You hit the orc priest.
The orc priest is heavily wounded.
The orc priest misses you. The orc hits you but does no damage.
The orc priest mumbles some strange prayers to Beogh against you.
Beogh smites you!
* * * LOW HITPOINT WARNING * * *
You hit the orc priest but do no damage.
The orc priest is heavily wounded.
The orc priest hits you with a +0 whip.
* * * LOW HITPOINT WARNING * * *
You hit the orc priest.
The orc priest is severely wounded.
You block the orc priest's attack. The orc hits you but does no damage.
You barely miss the orc priest.
The orc priest is severely wounded.
The orc priest hits you but does no damage.
The orc hits you with a +0 club.
* * * LOW HITPOINT WARNING * * *
The orc priest looks encouraged for a moment.
You slash the orc!
You kill the orc!
The orc priest calls down the wrath of Beogh upon you.
Pain shoots through your body!
You die...

#..###.# ...#
#....#.# ...#
#.##.#.# ...#
#.##.#.##### ...#
#..........# ...
####.#####.# ..
#.#####.# o#
#....##.#######.#
#.##.##.#....@)o#
#.##.##.#.#######
#.........#
###########


You could see an orc priest.

Vanquished Creatures
  Jessica (D:3)
  2 adders
  A worm (D:2)
  2 dart slugs (D:1)
  5 orcs (D:3)
  3 endoplasms (D:1)
  5 hobgoblins
  4 kobolds
  3 quokkas
  A ball python (D:1)
  2 bats
  8 frilled lizards (D:1)
  7 goblins
  5 rats
49 creatures vanquished.

Notes
Turn   | Place    | Note
-------+----------+-------------------------------------------
     0 | D:1      | Astera the Barachi Fighter began the quest for the Orb.
     0 | D:1      | Reached XP level 1. HP: 18/18 MP: 1/1
   245 | D:1      | Reached XP level 2. HP: 25/25 MP: 2/2
   402 | D:1      | Reached XP level 3. HP: 27/30 MP: 3/3
  1165 | D:2      | Found Afanergh's Antique Weapon Boutique.
  1725 | D:3      | Noticed Jessica
  1730 | D:3      | Reached XP level 4. HP: 38/38 MP: 4/4
  1739 | D:3      | Killed Jessica
  1796 | D:3      | Got Jessica's Collected Works on Fascination
  2103 | D:3      | HP: 1/38 [orc (2)]
  2105 | D:3      | Killed from afar by an orc priest

Illustrated notes

Levels and vault maps discovered:
D:1:      co_arrival_random_square_maze, layout_basic, serial_corexii_hall,
          chequers_hall_statues_y, corexii_hall_statues_s,
          corexii_hall_statues_s, chequers_hall_statues_corner_a, st_stairs_11,
          minmay_lizard_pond
D:2:      layout_basic, serial_shops, nicolae_square_shop
D:3:      layout_loops_cross, grunt_decor_resistance, kennysheep_jessica_study

Skill      XL: |  1  2  3 |
---------------+----------+-----
Armour         | 4 |  4.3
Long Blades    | 3 |  3.9
Fighting       | 4 |  4.6
Dodging        | |  0.3
Stealth        | |  0.2
Shields        | |  3.6

Action                   |  1- 3 |  4- 6 || total
-------------------------+-------+-------++-------
Melee: Long sword        |   116 |    30 ||   146
Armor: Scale mail        |    79 |    22 ||   101
Dodge: Dodged            |    64 |    23 ||    87
Block: Buckler           |    27 |    12 ||    39

Table legend: (Time is in decaauts)
 A = Elapsed time spent in this place.
 B = Non-inter-level travel time spent in this place.
 C = Inter-level travel time spent in this place.
 D = Time resting spent in this place.
 E = Time spent auto-exploring this place.
 F = Levels seen in this place.
 G = Mean time per level.
                   A        B        C        D        E       F      G
               +--------+--------+--------+--------+--------+-----+--------+
         Total |   2437 |   2326 |    111 |    174 |   1648 |   3 |  812.3 |
       Dungeon |   2437 |   2326 |    111 |    174 |   1648 |   3 |  812.3 |
               +--------+--------+--------+--------+--------+-----+--------+

Top non-repeatable levels by time:
     D:1: 1240 daAuts
     D:2: 611 daAuts
     D:3: 585 daAuts
